 Dungeon Crawl Stone Soup version 0.20-a0-1101-g1de9d76 (webtiles) character file.

175201 Duffy the Cleaver (level 18, 124/124 HPs)
             Began as a Gnoll Monk on May 4, 2017.
             Was the Champion of Cheibriados.
             Quit the game on level 3 of the Snake Pit.
             The game lasted 00:44:15 (33201 turns).

Duffy the Cleaver (Gnoll Monk)                     Turns: 33201, Time: 00:44:17

Health: 124/124    AC: 28    Str: 31    XL:     18   Next: 9%
Magic:  26/26      EV: 26    Int: 30    God:    Cheibriados [******]
Gold:   1186       SH: 21    Dex: 34    Spells: 17/17 levels left

rFire    . . .     SeeInvis .   a - +7 broad axe (flame)
rCold    . . .     Gourm    .   J - +2 shield
rNeg     . . .     Faith    .   L - +7 chain mail "Riusabic" {MR+ Int+5}
rPois    .         Spirit   .   x - +0 helmet
rElec    .         Reflect  +   T - +2 cloak
rCorr    +         Harm     .   t - +0 pair of gloves
MR       +....                  W - +1 pair of boots
Stlth    ..........             g - +3 amulet of reflection
Regen    0.7/turn               S - ring of resist corrosion
MPRegen  0.2/turn               X - +5 ring of evasion

@: very slow
A: short attention span, fangs 1, frail 1, regeneration 1, subdued magic 1,
sturdy frame 1, strong nose
a: Bend Time, Temporal Distortion, Slouch, Step From Time, Renounce Religion


You were on level 3 of the Snake Pit.
You worshipped Cheibriados.
Cheibriados was exalted by your worship.
You were not hungry.

You visited 5 branches of the dungeon, and saw 27 of its levels.

You collected 2663 gold pieces.
You spent 1477 gold pieces at shops.

Inventory:

Hand Weapons
 a - a +7 broad axe of flaming (weapon)
 b - a +1 hand axe of flaming
 n - a +0 blowgun
 o - a +2 broad axe of venom
Missiles
 q - 11 curare-tipped needles
 K - 2 throwing nets (quivered)
Armour
 t - a +0 pair of gloves (worn)
 x - a +0 helmet (worn)
 J - a +2 shield (worn)
 L - the +7 chain mail "Riusabic" (worn) {MR+ Int+5}
   (You bought it in a shop on level 2 of the Orcish Mines)

   It affects your intelligence (+5).
   It affects your resistance to hostile enchantments.
 T - a +2 cloak (worn)
 W - a +1 pair of boots (worn)
Jewellery
 g - a +3 amulet of reflection (around neck)
 p - an uncursed ring of fire
 B - an uncursed ring of poison resistance {unknown}
 S - a ring of resist corrosion (left hand)
 X - a +5 ring of evasion (right hand)
Wands
 l - a wand of iceblast (2/15)
 E - a wand of confusion (21/48)
 G - a wand of disintegration (18/24)
 I - a wand of paralysis (10/24)
 M - a wand of lightning (7/15)
 Z - a wand of digging (24/24)
Scrolls
 i - 7 scrolls of immolation
 j - 7 scrolls of teleportation
 m - 3 scrolls of fear
 w - 10 scrolls of remove curse
 y - 2 scrolls of blinking
 C - 5 scrolls of enchant armour
 D - 5 scrolls of recharging
 F - 12 scrolls of magic mapping
 P - a scroll of identify
 Q - a scroll of silence
 V - 2 scrolls of summoning
Potions
 e - 2 potions of magic
 h - 8 potions of heal wounds
 k - a potion of resistance
 r - 10 potions of curing
 s - 3 potions of agility
 u - 2 potions of ambrosia
 A - 5 potions of flight
 N - 2 potions of might
 O - a potion of invisibility
 U - 4 potions of cancellation
Miscellaneous
 f - a sack of spiders
 z - a phial of floods
 R - 2 phantom mirrors
Comestibles
 c - 11 bread rations
 d - 13 meat rations
 v - 16 fruits
 H - 14 royal jellies


   Skills:
 + Level 11.6 Fighting
 - Level 12.0 Axes
 + Level 11.4 Armour
 + Level 11.3 Dodging
 - Level 3.0 Stealth
 + Level 11.3 Shields
 + Level 11.4 Invocations


You had 17 spell levels left.
You didn't know any spells.

Dungeon Overview and Level Annotations

Branches:
Dungeon (15/15)            Temple (1/1) D:4            Lair (6/6) D:8
  Swamp (0/4) Lair:4        Snake (3/4) Lair:4        Slime (0/5) Lair:6
    Orc (2/2) D:9             Elf (0/3) Orc:2        Vaults (0/5) D:13
 Depths (0/5) D:15

Altars:
Ashenzari
Cheibriados
Dithmenos
Elyvilon
Fedhas
Gozag
Hepliaklqana
Kikubaaqudgha
Makhleb
Nemelex Xobeh
Okawaru
Qazlal
Ru
Sif Muna
Trog
Uskayaw
Vehumet
Wu Jian
Xom
Yredelemnul
Zin
The Shining One
Beogh

Shops:
D:4 (   D:6 (   D:8 [   Orc:2 :*[(%


Innate Abilities, Weirdness & Mutations

You have a short attention span.
You have very sharp teeth.
Your uncanny sense of smell can sniff out nearby items.
You are frail. (-10% HP)
Your natural rate of healing is unusually fast.
Your spells are a little easier to cast, but a little less powerful.
Your movements are slightly less encumbered by armour. (ER -2)


Message History

You block the black mamba's attack.
The black mamba bites you but does no damage.
The black mamba misses you. You block the black mamba's attack.
You miss the black mamba. You block the black mamba's attack.
The black mamba bites you but does no damage.
You completely miss the black mamba. You block the black mamba's attack. x2
You closely miss the black mamba. You block the black mamba's attack.
The black mamba completely misses you.
You slash the black mamba! You burn the black mamba.
The black mamba is moderately wounded.
You block the black mamba's attack. x2
Your shield and chain mail "Riusabic" prevent you from hitting the black mamba.
The black mamba is moderately wounded.
You block the black mamba's attack.
You slice the black mamba!! You burn the black mamba.
You kill the black mamba!
Cheibriados thoroughly appreciates the change of pace.
You see here a black mamba corpse.
You see here a ring of loudness.
Are you sure you want to abandon this character and quit the game? (Confirm with "yes".)

.....#....%##).##.#...###.####...
.....#......|.....#..####'#######
..(..#......).....#...........#
.....#............#.##........#
.....#......=.....#.##........#
#....#............#.##.>......#
#....#..............##........#
.....####'#.......#...........#
....# #.......@>'...........#
#........##...........#
#........##...........#
#....)...##......######
#........##......#
#........##......#
####...####......# ##### ########


There were no monsters in sight!

Vanquished Creatures
  Saint Roka (Orc:2)
  Kirke (Lair:4)
  2 nagarajas (Snake:3)
  An orc warlord (Orc:2)
  An ettin (D:15)
  4 vault guards (D:13)
  9 hydras
  7 naga warriors
  3 centaur warriors
  3 anacondas
  2 ogre magi
  23 two-headed ogres
  18 death yaks
  Urug (Lair:4)
  5 tengu warriors
  5 shock serpents
  5 naga sharpshooters
  Sonja (D:14)
  3 salamander mystics
  A deep elf knight (Orc:2)
  15 skeletal warriors
  An unseen horror (D:10)
  3 naga ritualists
  A deep elf archer (D:15)
  3 wizards
  9 mana vipers
  Pikel (D:6)
  5 orc knights
  An oklob plant (Orc:2)
  3 manticores
  A cyclops (Orc:2)
  A faun (shapeshifter) (D:15)
  8 centaur zombies
  8 salamanders
  2 deep elf magi
  5 orc sorcerers
  35 black mambas
  Joseph (D:7)
  2 guardian serpents
  3 elephants (Lair:6)
  An ugly thing (D:11)
  10 naga magi
  A water nymph (shapeshifter) (D:12)
  4 gargoyles
  Psyche (D:8)
  A rime drake (Lair:6)
  5 kobold demonologists
  13 spiny frogs
  A torpor snail (Lair:6)
  12 komodo dragons
  2 efreet
  A redback zombie (D:15)
  2 tengu conjurers (D:14)
  11 trolls
  8 polar bears
  9 hornets
  14 slime creatures
  Grinder (D:3)
  A blink frog (shapeshifter) (D:13)
  7 hippogriffs
  12 dream sheep
  13 blink frogs
  A wraith (D:12)
  Sigmund (D:2)
  A water elemental (Orc:2)
  14 spriggans (Lair:6)
  A shadow (D:12)
  35 yaks
  7 wyverns
  3 humans
  A basilisk (D:15)
  3 hungry ghosts
  4 hogs
  2 vampire mosquitoes
  35 nagas
  9 porcupines
  3 wargs
  An acid dragon (D:13)
  21 water moccasins
  4 slaves (D:6)
  2 ice beasts (D:10)
  3 sky beasts
  A swamp drake (D:8)
  4 phantoms
  A black bear (shapeshifter) (D:15)
  44 orc warriors
  3 boggarts (Lair:6)
  4 black bears
  23 wolves
  12 crocodiles
  21 ogres
  12 centaurs
  6 big kobolds
  23 bullfrogs
  A gnoll sergeant (D:10)
  4 scorpions
  10 killer bees
  2 electric eels (D:7)
  5 wights
  A howler monkey (D:10)
  10 crimson imps
  2 bullfrog zombies
  A quasit (D:6)
  4 jellies
  4 bullfrog skeletons
  10 hounds
  26 orc priests
  38 orc wizards
  Jessica (D:3)
  3 centaur skeletons
  Natasha (thrice) (D:4)
  7 iguanas
  4 worker ants
  2 hound skeletons
  A worker ant zombie (D:11)
  7 gnolls
  A howler monkey skeleton (D:9)
  26 adders
  4 shadow imps
  3 oozes
  2 adder skeletons
  An adder zombie (D:5)
  3 worms (D:2)
  2 dart slugs
  8 leopard geckos
  129 orcs
  3 giant cockroaches
  7 goblins
  10 hobgoblins
  6 jackals
  33 kobolds
  2 quokkas
  2 ball pythons
  A ball python skeleton (D:4)
  19 bats
  4 frilled lizards
  A quokka skeleton (D:4)
  9 rats
  4 rat zombies (D:2)
  3 fungi
  A plant (Lair:1)
1069 creatures vanquished.

Vanquished Creatures (others)
  A naga sharpshooter (Snake:3)
  A cyclops (D:15)
  2 humans (Lair:4)
  8 centaurs
  A hound skeleton (D:4)
  2 orcs
  4 kobolds
  A bush (Lair:6)
  14 fungi
  11 plants
45 creatures vanquished.

Grand Total: 1114 creatures vanquished

Notes
Turn   | Place    | Note
-------+----------+-------------------------------------------
     0 | D:1      | Duffy the Gnoll Monk began the quest for the Orb.
     0 | D:1      | Reached XP level 1. HP: 20/20 MP: 1/1
   121 | D:1      | Reached skill level 5 in Axes
   260 | D:3      | Found a shattered altar of Ashenzari.
   304 | D:5      | Entered Level 5 of the Dungeon
   327 | D:4      | Reached XP level 2. HP: 25/26 MP: 2/2
   353 | D:4      | Reached skill level 6 in Axes
   524 | D:4      | Found a staircase to the Ecumenical Temple.
   537 | D:4      | Found Ecrevech's Antique Weapon Emporium.
   561 | Temple   | Entered the Ecumenical Temple
   928 | Temple   | Became a worshipper of Cheibriados the Contemplative
   928 | Temple   | Reached * piety under Cheibriados
   928 | Temple   | Reached ** piety under Cheibriados
   974 | Temple   | Reached XP level 3. HP: 28/32 MP: 3/3
  1150 | D:4      | Noticed a phantom
  1209 | D:4      | Killed a phantom
  1209 | D:4      | Reached skill level 7 in Axes
  1209 | D:4      | Reached XP level 4. HP: 34/38 MP: 4/4
  1209 | D:4      | Reached XP level 5. HP: 39/43 MP: 5/5
  1312 | D:3      | Noticed a sky beast
  1458 | D:2      | Reached skill level 8 in Axes
  1469 | D:2      | Found an ancient bone altar of Kikubaaqudgha.
  1967 | D:1      | Reached *** piety under Cheibriados
  2474 | D:2      | Reached skill level 1 in Shields
  2503 | D:2      | Noticed Sigmund
  2516 | D:2      | Killed Sigmund
  2516 | D:2      | Reached XP level 6. HP: 42/50 MP: 6/6
  2610 | D:2      | Reached **** piety under Cheibriados
  2814 | D:3      | Noticed Grinder
  2820 | D:3      | Paralysed by Grinder for 2 turns
  2828 | D:3      | Paralysed by Grinder for 3 turns
  2833 | D:3      | Killed Grinder
  2833 | D:3      | Reached XP level 7. HP: 46/55 MP: 7/7
  2894 | D:3      | Noticed Jessica
  2901 | D:3      | Killed Jessica
  2901 | D:3      | Reached skill level 9 in Axes
  2950 | D:3      | Found a sparkling altar of Nemelex Xobeh.
  2962 | D:3      | Reached skill level 5 in Fighting
  3626 | D:3      | Reached ***** piety under Cheibriados
  3709 | D:3      | Reached XP level 8. HP: 64/64 MP: 10/10
  4028 | D:4      | Noticed Natasha
  4036 | D:4      | Killed Natasha
  4184 | D:4      | Noticed Natasha
  4188 | D:4      | Killed Natasha
  4334 | D:4      | Reached skill level 5 in Invocations
  4395 | D:4      | Noticed Natasha
  4400 | D:4      | Killed Natasha
  4628 | D:5      | Found a stormy altar of Qazlal.
  4629 | D:5      | Found a white marble altar of Elyvilon.
  4630 | D:5      | Found a glowing golden altar of the Shining One.
  4692 | D:5      | Noticed a two-headed ogre
  4701 | D:5      | Killed a two-headed ogre
  4701 | D:5      | Reached XP level 9. HP: 51/71 MP: 12/14
  5292 | D:5      | Reached skill level 5 in Dodging
  5616 | D:6      | Found Fuh Tuim's Weapon Shoppe.
  5633 | D:6      | Noticed Pikel
  5648 | D:6      | Killed Pikel
  5776 | D:6      | Found a radiant altar of Vehumet.
  5899 | D:7      | Found a burning altar of Makhleb.
  5899 | D:7      | Noticed a cacodemon
  5902 | D:7      | Noticed a hellwing
  6076 | D:7      | Found an ancient bone altar of Kikubaaqudgha.
  6147 | D:7      | Reached XP level 10. HP: 75/79 MP: 16/16
  6226 | D:7      | Reached ****** piety under Cheibriados
  6383 | D:7      | Noticed Joseph
  6402 | D:7      | Killed Joseph
  7515 | D:8      | Noticed a two-headed ogre
  7522 | D:8      | Killed a two-headed ogre
  7724 | D:8      | Noticed Psyche
  7731 | D:8      | Killed Psyche
  7778 | D:8      | Found Jeazytun's Antique Armour Emporium.
  7806 | D:8      | Reached XP level 11. HP: 89/89 MP: 17/17
  7918 | D:8      | Noticed a two-headed ogre
  7928 | D:8      | Killed a two-headed ogre
  8271 | D:9      | Found a shadowy altar of Dithmenos.
  8355 | D:9      | Noticed a two-headed ogre
  8364 | D:9      | Killed a two-headed ogre
  8459 | D:9      | Noticed a two-headed ogre
  8469 | D:9      | Killed a two-headed ogre
  8592 | D:9      | Found a staircase to the Orcish Mines.
  8858 | D:9      | Found a sacrificial altar of Ru.
  9059 | D:10     | Entered Level 10 of the Dungeon
  9214 | D:10     | Noticed a two-headed ogre
  9224 | D:10     | Killed a two-headed ogre
  9643 | D:10     | Noticed a two-headed ogre
  9648 | D:10     | Killed a two-headed ogre
  9669 | D:10     | Noticed a two-headed ogre
  9676 | D:10     | Killed a two-headed ogre
  9728 | D:10     | Noticed a two-headed ogre
  9736 | D:10     | Killed a two-headed ogre
  9756 | D:10     | Reached XP level 12. HP: 89/96 MP: 18/18
  9776 | D:10     | Reached skill level 10 in Axes
 10226 | D:8      | Found a staircase to the Lair.
 10272 | Lair:1   | Entered Level 1 of the Lair of Beasts
 11544 | Lair:2   | Noticed a five-headed hydra
 11552 | Lair:2   | Reached skill level 11 in Axes
 11565 | Lair:2   | Killed a seven-headed hydra
 12004 | Lair:3   | Noticed a death yak
 12007 | Lair:3   | Noticed a death yak
 12009 | Lair:3   | Noticed a death yak
 12010 | Lair:3   | Noticed a death yak
 12346 | Lair:3   | Killed a death yak
 12365 | Lair:3   | Killed a death yak
 12366 | Lair:3   | Killed a death yak
 12366 | Lair:3   | Reached XP level 13. HP: 84/101 MP: 19/19
 12531 | Lair:3   | Got a crude chain mail
 12542 | Lair:3   | Identified the cursed +0 chain mail of the Pure Tales {+Fly Str+4} (You found it on level 3 of the Lair of Beasts)
 13339 | Lair:4   | Found a staircase to the Snake Pit.
 13459 | Lair:4   | Found a staircase to the Swamp.
 13630 | Lair:4   | Reached skill level 12 in Axes
 13911 | Lair:4   | Noticed Urug
 13917 | Lair:4   | Killed Urug
 13989 | Lair:4   | Noticed Kirke
 14854 | Lair:6   | Entered Level 6 of the Lair of Beasts
 14895 | Lair:6   | Reached XP level 14. HP: 62/109 MP: 21/21
 14909 | Lair:6   | Reached skill level 10 in Fighting
 14926 | Lair:6   | Reached skill level 10 in Armour
 15635 | Lair:6   | Reached skill level 10 in Dodging
 15860 | Lair:6   | Reached skill level 10 in Invocations
 16416 | Lair:6   | Reached skill level 10 in Shields
 16467 | Lair:6   | Reached XP level 15. HP: 114/117 MP: 22/22
 16529 | Lair:6   | Found a staircase to the Slime Pits.
 16915 | Orc:1    | Entered Level 1 of the Orcish Mines
 16915 | Orc:1    | Found a roughly hewn altar of Beogh.
 17026 | Orc:2    | Entered Level 2 of the Orcish Mines
 17050 | Orc:2    | Found a roughly hewn altar of Beogh.
 17281 | Orc:2    | Found a roughly hewn altar of Beogh.
 17282 | Orc:2    | Found Niux's Book Shop.
 17425 | Orc:2    | Found a roughly hewn altar of Beogh.
 17441 | Orc:2    | Found a roughly hewn altar of Beogh.
 17474 | Orc:2    | Found a staircase to the Elven Halls.
 17619 | Orc:2    | Found a roughly hewn altar of Beogh.
 17619 | Orc:2    | Found Tuacs's Assorted Antiques.
 17841 | Orc:2    | Bought a scroll labeled CYOBIW FOSE for 35 gold pieces
 17841 | Orc:2    | Bought a scroll labeled FOUKUYHYHO for 35 gold pieces
 18157 | Orc:2    | Found Cidiadot's Food Shoppe.
 18368 | Orc:2    | Found a roughly hewn altar of Beogh.
 18701 | Orc:2    | Paralysed by an orc sorcerer for 4 turns
 18702 | Orc:2    | Noticed an orc warlord
 18715 | Orc:2    | Killed an orc warlord
 19727 | Orc:2    | Noticed Saint Roka
 20951 | D:11     | Gained mutation: You are somewhat resistant to further mutation. [mutagenic meat]
 20953 | D:11     | Gained mutation: You are partially covered in yellow scales. (AC +2) [mutagenic meat]
 22381 | Orc:2    | Killed Saint Roka
 22459 | Orc:2    | Found Utzoz's Antique Armour Shoppe.
 22460 | Orc:2    | Found a roughly hewn altar of Beogh.
 22463 | Orc:2    | Found Notylats's Antique Weapon Emporium.
 22616 | D:8      | Bought a steaming plate armour for 588 gold pieces
 22626 | D:8      | Identified the cursed +0 plate armour of the Thirteen Tales {rCorr Dex+2} (You bought it in a shop on level 8 of the Dungeon)
 22721 | Orc:2    | Bought a steaming chain mail for 190 gold pieces
 22732 | Orc:2    | Identified the +7 chain mail "Riusabic" {MR+ Int+5} (You bought it in a shop on level 2 of the Orcish Mines)
 23044 | Lair:4   | Noticed a sphinx
 23062 | Lair:4   | Noticed a sphinx
 23068 | Lair:4   | Killed Kirke
 23757 | D:12     | Reached XP level 16. HP: 124/124 MP: 23/23
 24624 | D:12     | Gained mutation: You are resistant to electric shocks. (rElec) [mutagenic meat]
 25391 | D:13     | Got a bloodstained plate armour
 25402 | D:13     | Identified the +1 plate armour of Rut Huuh {-Tele rC+ Str+4 Dex+2} (You acquired it on level 13 of the Dungeon)
 26163 | D:14     | Noticed Sonja
 26163 | D:14     | Killed Sonja
 26652 | D:15     | Entered Level 15 of the Dungeon
 26813 | D:15     | Found a staircase to the Depths.
 27340 | D:15     | Found a deep blue altar of Sif Muna.
 28209 | D:13     | Reached XP level 17. HP: 126/131 MP: 25/25
 28215 | D:13     | Found a gate to the Vaults.
 29251 | D:9      | Lost mutation: You are partially covered in yellow scales. (AC +2) [potion of mutation]
 29251 | D:9      | Gained mutation: You are frail. (-10% HP) [potion of mutation]
 29252 | D:9      | Lost mutation: You are frail. (-10% HP) [potion of mutation]
 29252 | D:9      | Lost mutation: You are somewhat resistant to further mutation. [potion of mutation]
 29252 | D:9      | Gained mutation: You have large cloven feet. [potion of mutation]
 29252 | D:9      | Gained mutation: Your body sometimes deteriorates upon taking damage. [potion of mutation]
 29252 | D:9      | Gained mutation: You are somewhat resistant to further mutation. [potion of mutation]
 29253 | D:9      | Lost mutation: You are resistant to electric shocks. (rElec) [potion of mutation]
 29253 | D:9      | Lost mutation: Your body sometimes deteriorates upon taking damage. [potion of mutation]
 29254 | D:9      | Lost mutation: You have large cloven feet. [potion of mutation]
 29254 | D:9      | Lost mutation: You are somewhat resistant to further mutation. [potion of mutation]
 29254 | D:9      | Gained mutation: Your spells are a little easier to cast, but a little less powerful. [potion of mutation]
 29254 | D:9      | Gained mutation: Your natural rate of healing is unusually fast. [potion of mutation]
 29254 | D:9      | Gained mutation: You are frail. (-10% HP) [potion of mutation]
 29254 | D:9      | Gained mutation: Your movements are slightly less encumbered by armour. (ER -2) [potion of mutation]
 29306 | Orc:2    | Bought a scroll of enchant weapon for 262 gold pieces
 29306 | Orc:2    | Bought a scroll of blinking for 262 gold pieces
 29306 | Orc:2    | Bought a potion of flight for 105 gold pieces
 29658 | Snake:1  | Entered Level 1 of the Snake Pit
 32660 | Snake:3  | Reached XP level 18. HP: 105/124 MP: 26/26
 33201 | Snake:3  | Quit the game

Vault maps used:
D:1:      dpeg_arrival_ternary, minmay_bisected
D:2:      lemuel_zombie_altar_kikubaaqudgha, first_bread, uniq_sigmund
D:3:      nicolae_overflow_crystal_walls, overflow_temple_1_default,
          kennysheep_pointless_box, uniq_jessica, uniq_grinder
D:4:      temple_pool_b, serial_shops, shop, uniq_natasha
D:5:      grunt_temple_overflow_open
D:6:      kennysheep_mini, serial_shops, shop, uniq_pikel
D:7:      wad_river_or_something, makhleb_altar_promises_db, basic_altar,
          grunt_livestock, minmay_misc_feat_secret_circle, uniq_joseph
D:8:      erik_lair_dragon, serial_shops, shop, uniq_psyche
D:9:      nicolae_overflow_hidden_temple, orc_0_dummy, grunt_dithmenos_smoke
D:10:     hangedman_corner_corridor
D:11:     minmay_distorted_concentric_squares
D:13:     grunt_vaults_entry_fortified
D:14:     minmay_misc_feat_diagonals, uniq_sonja
D:15:     hangedman_depths_entry_civil_slaughter, tgw_sif,
          minmay_misc_feat_tower, serial_bayou_pond_b, minmay_misc_feat_plants
Temple:   cyrus_circular_temple
Lair:1:   beast_lair_carwin_large_2, lemuel_fruit_fields
Lair:2:   serial_bayou_shore_b, grunt_megastairs_4
Lair:3:   minmay_holes
Lair:4:   swamp_mist, minmay_snake_entry_six_corridors, uniq_urug, uniq_kirke
Lair:5:   infiniplex_staircase_pool_2, grunt_megastairs_2
Lair:6:   minmay_lair_end_enchanted_forest, dpeg_slime_entry_corner,
          grunt_megastairs_1
Snake:1:  nicolae_snake_serpentine_hallways, st_stairs_2, grunt_ministairs_6
Snake:3:  statue_in_the_mist_lemuel
Orc:1:    roderic_batcave, mines2_david
Orc:2:    grunt_orc_community_town_hall, grunt_orc_community_big_house_1,
          grunt_orc_community_big_house_1, grunt_orc_community_house_2,
          grunt_orc_community_house_1, grunt_orc_community_house_2,
          grunt_orc_community_house_3, grunt_orc_community_house_2,
          grunt_orc_community_house_2, serial_shops, shop, mines3_lemuel

Skill      XL: |  1  2  3  4  5  6  7  8  9 10 11 12 13 14 15 16 17 |
---------------+----------------------------------------------------+-----
Axes           | 5 6 7 8 9 11 12 | 12.0
Shields        | 4 6 8 9 10 11 | 11.3
Fighting       | 5 6 7 9 10 11 | 11.6
Invocations    | 2 7 9 10 11 | 11.4
Dodging        | 5 9 10 11 | 11.3
Armour         | 6 8 9 10 11 | 11.4
Stealth        | |  3.0

Action                   |  1- 3 |  4- 6 |  7- 9 | 10-12 | 13-15 | 16-18 || total
-------------------------+-------+-------+-------+-------+-------+-------++-------
Melee: Hand axe          |    73 |       |       |     4 |    14 |       ||    91
       Bite              |    14 |    24 |    37 |   118 |   239 |   223 ||   655
       War axe           |    22 |   131 |   236 |   542 |   167 |       ||  1098
       Broad axe         |       |       |       |       |   948 |   998 ||  1946
       Unarmed           |       |       |       |       |     2 |       ||     2
 Fire: Blowgun           |       |       |       |       |     3 |       ||     3
Throw: Throwing net      |       |       |       |       |     2 |       ||     2
Invok: Slouch            |       |       |       |       |    11 |     5 ||    16
Evoke: Wand              |       |       |     3 |       |     3 |       ||     6
  Use: Scroll            |     1 |       |       |    15 |    18 |    15 ||    49
       Potion            |       |       |       |       |     2 |     4 ||     6
 Stab: Sleeping          |       |     1 |       |       |       |       ||     1
       Distracted        |       |       |     1 |       |     1 |     1 ||     3
       Confused          |       |       |       |     5 |       |     4 ||     9
       Held in net/web   |       |       |       |       |     7 |       ||     7
  Eat: Chunk             |     1 |     2 |     6 |    12 |    24 |     9 ||    54
       Bread ration      |       |       |       |       |     2 |     2 ||     4
Armor: Scale mail        |    22 |    46 |    21 |       |       |       ||    89
       Robe              |     1 |       |       |       |       |       ||     1
       Chain mail        |       |       |    14 |       |    21 |   208 ||   243
       Plate armour      |       |       |    22 |   137 |   173 |       ||   332
Dodge: Dodged            |    51 |    58 |    74 |   255 |   616 |   696 ||  1750
Block: Other             |    12 |     6 |       |       |     1 |       ||    19
       Shield            |       |    49 |   187 |   525 |  1001 |  1254 ||  3016
       Reflection        |       |     4 |    15 |    18 |    22 |   143 ||   202
